 Dungeon Crawl Stone Soup version 0.24-a0-335-g06ca16a (webtiles) character file.

Game seed: 3699091666837381804

5019 ohad the Martial Artist (level 10, -11/81 HPs)
             Began as an Octopode Transmuter on May 19, 2019.
             Was an Initiate of Gozag.
             Splashed by an oklob plant's acid (12 damage)
             ... on level 9 of the Dungeon.
             The game lasted 00:23:17 (9545 turns).

ohad the Martial Artist (Octopode Transmuter)       Turns: 9545, Time: 00:23:18

Health: -11/81     AC: -5    Str:  9    XL:     10   Next: 55%
Magic:  11/14      EV: 19    Int: 20    God:    Gozag
Gold:   580        SH:  0    Dex: 17    Spells: 5/15 levels left

rFire    x . .     SeeInvis .     - Unarmed
rCold    + + +     Gourm    .   (shield currently unavailable)
rNeg     . . .     Faith    .   (helmet currently unavailable)
rPois    +         Spirit   .   (no amulet)
rElec    .         Reflect  .   h - +1 ring of evasion
rCorr    .         Harm     .   (no ring)
MR       .....                  (no ring)
Stlth    +++.......             (no ring)
HPRegen  0.23/turn              (no ring)
MPRegen  0.14/turn              (no ring)
                                (no ring)
                                (no ring)

@: agile, ice-form, corroded, drained
A: large, almost no armour, stealthy swim, amphibious, 8 rings, (constrict 8)
a: End Transformation, Potion Petition, Call Merchant, Bribe Branch, Renounce
Religion


You were on level 9 of the Dungeon.
You worshipped Gozag.
Gozag was pleased with you.
You were hungry.
You were a creature of crystalline ice.
You visited 2 branches of the dungeon, and saw 10 of its levels.

You collected 998 gold pieces.
You spent 241 gold pieces at shops.
You paid 177 gold pieces to Gozag.

Inventory:

Missiles
 a - 114 arrows
 k - 60 poisoned darts (quivered)
 z - 3 boomerangs
 C - a throwing net
Jewellery
 h - a +1 ring of evasion (left front paw)
 D - a +2 ring of strength
Wands
 b - a wand of enslavement (9)
 B - a wand of random effects (24)
Scrolls
 d - 3 scrolls of immolation
 e - 5 scrolls of remove curse {unknown}
 i - 7 scrolls of teleportation
 m - 3 scrolls of enchant weapon {unknown}
 n - 5 scrolls of fog {unknown}
 o - 3 scrolls of amnesia {unknown}
 q - 2 scrolls of fear {unknown}
 s - a scroll of blinking
 y - 2 scrolls of identify
 A - a scroll of magic mapping {unknown}
 E - a scroll of holy word {unknown}
Potions
 f - 4 potions of curing
 g - 2 potions of cancellation
 j - 3 potions of agility
 l - 3 potions of might
 p - a potion of lignification
 r - a potion of invisibility {unknown}
 t - 2 potions of resistance
 u - 3 potions of heal wounds {unknown}
 v - 3 potions of brilliance {unknown}
 w - a potion of magic {unknown}
 x - 2 potions of haste
Comestibles
 c - 15 rations


   Skills:
 * Level 6.2(5.5) Fighting
 + Level 5.6(4.9) Dodging
 - Level 2.6(2.0) Stealth
 + Level 10.6(9.8) Unarmed Combat
 - Level 3.1(2.4) Spellcasting
 - Level 5.7(5.0) Transmutations
 - Level 4.2(3.5) Ice Magic


You had 5 spell levels left.
You knew the following spells:

 Your Spells              Type           Power        Failure   Level  Hunger
a - Beastly Appendage     Tmut           ###...       1%          1    #......
b - Sticks to Snakes      Tmut           ###.....     3%          2    ##.....
c - Spider Form           Tmut/Pois      ##........   16%         3    ###....
d - Ice Form              Ice/Tmut       ###.....     26%         4    #####..

Your spell library contained the following spells:

 Spells                   Type           Power        Failure   Level  Hunger
 Blade Hands              Tmut           ###.......   47%         5    ######.


Dungeon Overview and Level Annotations

Branches:
Dungeon (9/15)             Temple (1/1) D:7
   Lair: D:8-11         Orc: D:9-12

Altars:
Ashenzari
Dithmenos
Elyvilon
Fedhas
Gozag
Kikubaaqudgha
Nemelex Xobeh
Okawaru
Qazlal
Sif Muna
Trog
Uskayaw
Xom
Yredelemnul
Zin

Annotations:
D:3 2 transporters, Menkaure
D:6 2 runed translucent doors, Ereth's ghost, novice TrFi
D:9 exclusion: oklob plant


Innate Abilities, Weirdness & Mutations

You cannot wear most types of armour.
You are very stealthy in the water. (Stealth+)
You are amphibious.
You can wear up to eight rings at the same time.
((You can use your tentacles to constrict eight enemies at once.))
((Your skin changes colour to match your surroundings (Stealth+).))
((Your rubbery body absorbs attacks. (AC +1, EV +1)))


Message History

The splash of acid hits you! The acid corrodes you!
You are splashed with acid!
You hit the oklob plant but do no damage.
The oklob plant spits acid at you. The splash of acid hits you!
You are splashed with acid!
Your magical contamination has completely faded away.
You hit the oklob plant. You freeze the oklob plant.
The oklob plant is lightly damaged.
You feel agile all of a sudden. The oklob plant spits acid at you.
The splash of acid hits you!
* * * LOW HITPOINT WARNING * * *
The acid corrodes you!
You are splashed with acid!
* * * LOW HITPOINT WARNING * * *
Okay, then.
The oklob plant spits acid at you. The splash of acid hits you!
* * * LOW HITPOINT WARNING * * *
The acid corrodes you!
You are splashed with acid!
You die...
Your body crumbles into a pile of gold.

#.# ... ######## #.## #
#....... #... .#
###.......
#.##..###.#####.........
#...._P.>.'.... #.......
#.....#.# #####.##
#.....#...# #.#
#######Y### #.#
####...### ###.#
#........# #...#
#........# ####'####
#....)...######........
#.....)..#))).'........
#....)...#)####........
#........$.# #........
#........### #.....<..


You could see an oklob plant.

Vanquished Creatures
  A hornet (D:8)
  2 hippogriffs
  Duvessa (D:5)
  3 orc warriors
  4 ice beasts
  2 sky beasts
  2 phantoms
  A necrophage (D:8)
  4 ogres
  4 centaurs
  A big kobold (D:6)
  6 bullfrogs
  Dowan (D:5)
  2 scorpions
  A wyvern skeleton (D:8)
  8 killer bees
  5 howler monkeys
  A crimson imp (D:7)
  5 jellies
  3 quasits
  2 bullfrog zombies (D:8)
  A hound (D:4)
  4 orc priests
  A bullfrog skeleton (D:5)
  A centaur skeleton (D:4)
  13 orc wizards
  4 worker ants
  2 hound zombies
  2 worker ant zombies
  8 adders
  4 gnolls (D:2)
  2 shadow imps
  6 oozes
  An adder skeleton (D:8)
  2 worms
  5 dart slugs
  3 leopard geckos
  34 orcs
  8 bats
  A giant cockroach (D:4)
  4 goblins
  5 hobgoblins
  4 jackals (D:5)
  A quokka (D:7)
  2 ball pythons
  A ball python skeleton (D:5)
  5 frilled lizards
  A jackal skeleton (D:7)
  8 kobolds
  6 rats
  A fungus (D:1)
199 creatures vanquished.

Vanquished Creatures (collateral kills)
  A hungry ghost (D:9)
1 creature vanquished.

Vanquished Creatures (others)
  3 plants (D:9)
  3 toadstools (D:1)
6 creatures vanquished.

Grand Total: 206 creatures vanquished

Notes
Turn   | Place    | Note
-------+----------+-------------------------------------------
     0 | D:1      | ohad the Octopode Transmuter began the quest for the Orb.
     0 | D:1      | Reached XP level 1. HP: 13/13 MP: 3/3
   134 | D:1      | Reached XP level 2. HP: 18/18 MP: 5/5
   971 | D:2      | Reached XP level 3. HP: 23/23 MP: 6/6
  1013 | D:2      | Learned a level 2 spell: Sticks to Snakes
  1017 | D:2      | Learned a level 3 spell: Spider Form
  1408 | D:2      | Reached XP level 4. HP: 28/28 MP: 1/7
  2066 | D:3      | Found an iron altar of Okawaru.
  2066 | D:3      | Found a bloodstained altar of Trog.
  2223 | D:3      | Found a transporter.
  2240 | D:3      | Found a transporter.
  2240 | D:3      | Found a basalt altar of Yredelemnul.
  2244 | D:3      | Noticed Menkaure
  2250 | D:3      | Found an ancient bone altar of Kikubaaqudgha.
  2316 | D:3      | Reached XP level 5. HP: 18/33 MP: 5/9
  2532 | D:3      | Learned a level 4 spell: Ice Form
  2645 | D:3      | Reached skill level 1 in Ice Magic
  3052 | D:3      | Found a glowing silver altar of Zin.
  3052 | D:3      | Found a sparkling altar of Nemelex Xobeh.
  3268 | D:4      | Reached XP level 6. HP: 38/38 MP: 3/10
  3346 | D:4      | Found Unged's Magic Scroll Boutique.
  3382 | D:4      | Bought a scroll of teleportation for 33 gold pieces
  3382 | D:4      | Bought a scroll of identify for 22 gold pieces
  3382 | D:4      | Bought a scroll of identify for 22 gold pieces
  3382 | D:4      | Bought a scroll of blinking for 82 gold pieces
  3382 | D:4      | Bought a scroll of teleportation for 33 gold pieces
  3384 | D:4      | Bought a scroll of noise for 11 gold pieces
  3384 | D:4      | Bought a scroll of immolation for 38 gold pieces
  4287 | D:5      | Entered Level 5 of the Dungeon
  4312 | D:5      | Reached skill level 5 in Transmutations
  4312 | D:5      | Reached XP level 7. HP: 31/43 MP: 6/11
  4539 | D:5      | Reached skill level 4 in Unarmed Combat
  4552 | D:5      | Reached XP level 8. HP: 49/50 MP: 5/12
  5032 | D:5      | Noticed Duvessa
  5039 | D:5      | Killed Duvessa
  5043 | D:5      | Noticed Dowan
  5054 | D:5      | Killed Dowan
  5054 | D:5      | Reached skill level 5 in Unarmed Combat
  5223 | D:6      | Reached skill level 1 in Stealth
  5452 | D:6      | Found a large runed translucent door.
  5455 | D:6      | Found a large runed translucent door.
  5456 | D:6      | Noticed Ereth's ghost (novice TrFi)
  5780 | D:6      | Reached skill level 6 in Unarmed Combat
  6185 | D:6      | Reached XP level 9. HP: 35/58 MP: 13/13
  6473 | D:6      | Reached skill level 7 in Unarmed Combat
  7123 | D:7      | Reached skill level 8 in Unarmed Combat
  7211 | D:7      | Found a staircase to the Ecumenical Temple.
  7251 | Temple   | Entered the Ecumenical Temple
  7331 | Temple   | Became a worshipper of Gozag Ym Sagoz the Greedy
  7449 | D:7      | Reached skill level 5 in Fighting
  7715 | D:8      | Reached skill level 9 in Unarmed Combat
  7728 | D:8      | Reached skill level 5 in Dodging
  7728 | D:8      | Reached XP level 10. HP: 41/66 MP: 12/14
  8130 | D:8      | Found a blossoming altar of Fedhas.
  8628 | D:8      | Reached skill level 10 in Unarmed Combat
  9374 | D:9      | Noticed an oklob plant
  9383 | D:9      | Found a bloodstained altar of Trog.
  9545 | D:9      | HP: 1/81 [oklob plant/splash of acid (12)]
  9545 | D:9      | Splashed by an oklob plant's acid

Levels and vault maps discovered:
D:1:      evilmike_arrival_run_for_it, layout_basic, minmay_gold_behind_fungi
D:2:      layout_loops_corners
D:3:      wad_lake_hut, layout_rooms, gammafunk_temple_of_torment,
          nicolae_overflow_hidden_temple
D:4:      layout_basic, first_ration, serial_shops, nicolae_shop_statue_plus
D:5:      layout_loops_cross, uniq_duvessa
D:6:      layout_basic, ebering_ghost_disaster_area
D:7:      layout_rooms, minmay_temple_entry_mini_moons
D:8:      layout_cave_pods, fedhas_altar_1, serial_undead, serial_undead_f,
          serial_undead_b, serial_undead_e, serial_undead_e, serial_undead_e,
          serial_undead_c, hangedman_little_slice_of_home
D:9:      layout_roguey, lemuel_oklob_altar
Temple:   dpeg_chambers_temple

Skill      XL: |  1  2  3  4  5  6  7  8  9 10 |
---------------+-------------------------------+-----
Transmutations | 3 4 5 |  5.7
Spellcasting   | 3 |  3.1
Ice Magic      | 2 4 |  4.2
Fighting       | 2 3 5 6 |  6.2
Unarmed Combat | 4 6 9 10 | 10.6
Stealth        | 2 |  2.6
Dodging        | 3 5 |  5.6

Action                   |  1- 3 |  4- 6 |  7- 9 | 10-12 || total
-------------------------+-------+-------+-------+-------++-------
Melee: Unarmed           |    72 |   150 |   264 |   118 ||   604
       Constrict         |    19 |    22 |    11 |     1 ||    53
       Tentacles         |    10 |    15 |    10 |     1 ||    36
       Kick              |     3 |     5 |     1 |       ||     9
       Punch             |     2 |     1 |       |       ||     3
 Cast: Beastly Appendage |     5 |     4 |     1 |       ||    10
       Spider Form       |     1 |     5 |     1 |       ||     7
       Ice Form          |       |     4 |    17 |    12 ||    33
       Sticks to Snakes  |       |       |     5 |     8 ||    13
  Use: Potion            |       |     2 |     2 |     1 ||     5
       Scroll            |       |     3 |     3 |       ||     6
 Stab: Sleeping          |     8 |     2 |       |     1 ||    11
       Distracted        |       |       |     2 |     1 ||     3
  Eat: Chunk             |     2 |    11 |    11 |       ||    24
       Ration            |       |       |     2 |     3 ||     5
Armor: Skin              |     2 |    11 |    72 |    20 ||   105
Dodge: Dodged            |    38 |   142 |   215 |    41 ||   436

Table legend:
 A = Non-vault XP
 B = Vault XP
 C = Vault XP percentage of total XP
 D = Non-vault monster count
 E = Vault monster count
 F = Vault count percentage of total count
                 A         B        C        D         E       F
            +---------+---------+-------+---------+---------+-------
      Total |    6546 |     625 |   8.7 |     183 |      16 |   8.0
            +---------+---------+-------+---------+---------+-------
        D:1 |      28 |       5 |  15.2 |      15 |       1 |   6.2
        D:2 |      89 |       0 |   0.0 |      18 |       0 |   0.0
        D:3 |     133 |       0 |   0.0 |      27 |       0 |   0.0
        D:4 |     290 |       0 |   0.0 |      18 |       0 |   0.0
        D:5 |     721 |     224 |  23.7 |      19 |       2 |   9.5
        D:6 |    1139 |       0 |   0.0 |      19 |       0 |   0.0
        D:7 |    1374 |       0 |   0.0 |      23 |       0 |   0.0
        D:8 |    1622 |     396 |  19.6 |      25 |      13 |  34.2
        D:9 |    1150 |       0 |   0.0 |      19 |       0 |   0.0
            +---------+---------+-------+---------+---------+-------
